 Dungeon Crawl Stone Soup version 0.23.2-1-ga50397a6bc (webtiles) character file.

Game seed: 5214011242313740284

42 LabCoat the Chopper (level 3, -14/33 HPs)
             Began as a Hill Orc Fighter on May 17, 2019.
             Demolished by Crazy Yiuf
             ... wielding a +2 quarterstaff of chaos
              (20 damage)
             ... while paralysed by Crazy Yiuf
             ... on level 2 of the Dungeon.
             The game lasted 00:05:43 (1269 turns).

LabCoat the Chopper (Hill Orc Fighter)              Turns: 1269, Time: 00:05:44

Health: -14/33     AC: 11    Str: 18    XL:     3   Next: 54%
Magic:  3/3        EV:  2    Int:  8    God:
Gold:   22         SH:  0    Dex: 11    Spells: 2/2 levels left

rFire    . . .     SeeInvis .   a - +1 war axe
rCold    . . .     Gourm    .   c - +1 shield
rNeg     . . .     Faith    .   m - +0 plate armour
rPois    .         Spirit   .   (no helmet)
rElec    .         Reflect  .   (no cloak)
rCorr    .         Harm     .   (no gloves)
MR       .....                  (no boots)
Stlth    ..........             (no amulet)
HPRegen  0.11/turn              (no ring)
MPRegen  0.08/turn              (no ring)

@: paralysed
A: no striking features
a: no special abilities


You were on level 2 of the Dungeon.
You were not hungry.

You visited 1 branch of the dungeon, and saw 2 of its levels.

You collected 22 gold pieces.

Inventory:

Hand Weapons
 a - a +1 war axe (weapon)
 e - a +0 whip
 k - a +2 mace of draining
 l - a cursed +0 mace
Armour
 c - a +1 shield (worn)
 i - a +0 pair of gloves
 m - a +0 plate armour (worn)
Scrolls
 g - a scroll of enchant weapon
Potions
 d - a potion of might
 h - a potion of degeneration {unknown}
 j - a potion of curing {unknown}
Comestibles
 b - 4 chunks of flesh
 f - 3 rations


   Skills:
 + Level 3.9 Fighting
 * Level 4.0 Axes
 + Level 3.6 Armour
 + Level 3.6 Shields


You had 2 spell levels left.
You didn't know any spells.
Your spell library was empty.

Dungeon Overview and Level Annotations

Branches:
Dungeon (2/15)

Altars:
Dithmenos
Fedhas

Annotations:
D:2 Crazy Yiuf


Message History

Crazy Yiuf is severely wounded.
Crazy Yiuf hits you but does no damage. x2
You hit Crazy Yiuf.
Crazy Yiuf is almost dead.
Crazy Yiuf yells, "Flower noodlescoop sallow!"
You block Crazy Yiuf's attack.
You completely miss Crazy Yiuf.
Crazy Yiuf is almost dead.
Crazy Yiuf hits you but does no damage.
You suddenly lose the ability to move!
Crazy Yiuf glowers.
Crazy Yiuf hits you with a +2 quarterstaff of chaos!
* * * LOW HITPOINT WARNING * * *
Crazy Yiuf freezes you.
* * * LOW HITPOINT WARNING * * *
Crazy Yiuf sings, "Trees, trees, trees, circus!"
Crazy Yiuf hits you but does no damage.
Crazy Yiuf yells, "Goldfish!
Two infinity eyeball."
Crazy Yiuf hits you but does no damage.
You are electrocuted!!
Ouch! That really hurt!
You die...

##.## #.#####.########
##...############.##............
##.###.............##.##.########
..## ##.################## .##
##.# ..## ##.## ♣♣♣♣♣###
...###.## ### ♣♣♣.♣.)#)##
#...#.## #...#♣..♣.)).))######
#..#.## #...g@♣♣♣♣)))).......
#..### #)..#♣♣ ♣♣)#.)###### #..#
### ♣♣##.# #..####### #.#######
#........# #........ ##.......#
#........ ##.###.### #.#######
...# #.# #.# #.# #### #.# #.# #.#


You could see Crazy Yiuf.

Vanquished Creatures
  4 dart slugs (D:2)
  A leopard gecko (D:2)
  2 giant cockroaches (D:1)
  6 goblins
  5 hobgoblins
  3 kobolds
  5 bats
  5 rats
31 creatures vanquished.

Notes
Turn   | Place    | Note
-------+----------+-------------------------------------------
     0 | D:1      | LabCoat the Hill Orc Fighter began the quest for the Orb.
     0 | D:1      | Reached XP level 1. HP: 19/19 MP: 1/1
   232 | D:1      | Reached XP level 2. HP: 27/27 MP: 2/2
   285 | D:1      | Reached skill level 3 in Axes
   851 | D:2      | Found a shadowy altar of Dithmenos.
   938 | D:2      | Found a blossoming altar of Fedhas.
   944 | D:2      | Reached XP level 3. HP: 33/33 MP: 3/3
  1235 | D:2      | Reached skill level 4 in Axes
  1257 | D:2      | Found a runed translucent door.
  1258 | D:2      | Noticed Crazy Yiuf
  1266 | D:2      | Paralysed by Crazy Yiuf for 7 turns
  1269 | D:2      | Demolished by Crazy Yiuf

Skill      XL: |  1  2  3 |
---------------+----------+-----
Axes           | 3 4 |  4.0
Fighting       | |  3.9
Armour         | |  3.6
Shields        | |  3.6

Action                   || total
-------------------------++-------
Melee: War axe           ||    86
  Use: Scroll            ||     5
  Eat: Chunk             ||     1
Armor: Scale mail        ||    16
       Plate armour      ||    21
Dodge: Dodged            ||    18
Block: Shield            ||    53
